[Event "ICCopen2017"]
[Site "Internet Chess Club"]
[Date "2017.03.19"]
[Round "8"]
[White "manitodeplomo"]
[Black "ural"]
[Result "1-0"]
[ICCResult "Black forfeits on time"]
[WhiteElo "2570"]
[BlackElo "2466"]
[Opening "Réti accepted"]
[ECO "A09"]
[NIC "RE.19"]
[Time "20:38:19"]
[TimeControl "180+0"]

1. Nf3 d5 2. c4 dxc4 3. g3 Nc6 4. Bg2 Bg4 5. O-O Qd7 6. Na3 e5 7. Nxc4 f6 8.
d3 O-O-O 9. Be3 Nge7 10. Qa4 Kb8 11. Rfc1 Nf5 12. Nfxe5 fxe5 13. Nxe5 Nxe3
14. Nxd7+ Bxd7 15. fxe3 Bd6 16. Bxc6 Bxc6 17. Rxc6 bxc6 18. Qxc6 Rhe8 19. e4
Re5 20. Rc1 h5 21. Rc3 h4 22. d4 Re7 23. Rb3+ Kc8 24. e5 hxg3 25. hxg3 Bxe5
26. dxe5 Rd1+ 27. Kg2 Rxe5 28. Kf2 Rf5+ 29. Rf3 Rxf3+ 30. Kxf3 Rd6 31. Qa8+
Kd7 32. Qxa7 Rf6+ 33. Kg2 Re6 34. Qa4+ Ke7 35. Qa3+ Kf7 36. Qb3 Ke7 37.
Qxe6+ Kxe6 38. Kf3 Kd5 39. Ke3 Kc4 40. Ke4 c5 41. Ke3 g5 42. Ke4 g4 43. e3
Kb4 44. Kd5 c4 45. Kd4 Kb5 46. a3 Ka4 47. Kxc4 Ka5 48. Kd4 Kb6 49. Ke4 Kc7
50. Kf4 Kd8 51. Kxg4 Kc7 52. Kf4 Kd6 53. g4 Ke7 54. g5 Kd7 55. a4 Ke6 56. a5
Kd6 57. a6 Kc6 58. g6 Kb6 59. g7 Kxa6 60. g8=Q Kb5 61. Qd5+
{Black forfeits on time}
1-0

[Event "ICCopen2017"]
[Site "Internet Chess Club"]
[Date "2017.03.19"]
[Round "8"]
[White "wagnerbi"]
[Black "TrendFriend"]
[Result "1/2-1/2"]
[ICCResult "Game drawn by repetition"]
[WhiteElo "1983"]
[BlackElo "2438"]
[Opening "Réti opening"]
[ECO "A05"]
[NIC "QP.11"]
[Time "20:38:24"]
[TimeControl "180+0"]

1. Nf3 Nf6 2. g3 b6 3. Bg2 Bb7 4. O-O g6 5. d4 Bg7 6. c4 O-O 7. Nc3 Ne4 8.
Nxe4 Bxe4 9. Nh4 Bxg2 10. Nxg2 c5 11. dxc5 bxc5 12. Rb1 Nc6 13. b3 d6 14.
Bb2 Qa5 15. Bxg7 Kxg7 16. Qc2 Nd4 17. Qb2 Kg8 18. Nf4 e6 19. Kg2 Qc7 20.
Rfd1 a5 21. e3 Qb7+ 22. Kh3 Nf3 23. g4 Ng5+ 24. Kh4 h6 25. Qe2 Rad8 26. Rbc1
Qe4 27. Rf1 Nf3+ 28. Kg3 Ne5 29. f3 Qc6 30. Rcd1 Rfe8 31. Qc2 Kg7 32. Nd3
Nxd3 33. Qxd3 a4 34. Qc3+ Kg8 35. Qf6 axb3 36. axb3 Qb7 37. Rd3 Qe7 38. Qc3
d5 39. Rfd1 Qb7 40. cxd5 Rxd5 41. Qf6 Qd7 42. Rxd5 exd5 43. h4 Rxe3 44. h5
gxh5 45. Qxh6 Qe7 46. Qxh5 Qe5+ 47. Kh4 Qxh5+ 48. Kxh5 d4 49. b4 cxb4 50.
Rxd4 b3 51. Rb4 Rxf3 52. Kg5 Kg7 53. Rb6 Rc3 54. Kh5 Rc5+ 55. g5 Rc3 56. Rb7
Rd3 57. Rb6 Rc3 58. Kg4 Rc4+ 59. Kf5 Rc5+ 60. Kg4 Rc4+ 61. Kh5 Rc3 62. Rb7
Rd3 63. Kg4 Rc3 64. Kf5 Rc5+ 65. Kg4 Rc3 66. Kh5 {Game drawn by repetition}
1/2-1/2

[Event "ICCopen2017"]
[Site "Internet Chess Club"]
[Date "2017.03.19"]
[Round "8"]
[White "kaimann"]
[Black "Magagna"]
[Result "0-1"]
[ICCResult "White forfeits on time"]
[WhiteElo "1857"]
[BlackElo "1627"]
[Opening "Benko's opening"]
[ECO "A00"]
[NIC "VO.09"]
[Time "20:38:09"]
[TimeControl "180+0"]

1. g3 e5 2. Bg2 Nf6 3. Nf3 Nc6 4. d3 d5 5. O-O Bd6 6. c4 Be6 7. cxd5 Nxd5 8.
Ng5 h6 9. Nxe6 fxe6 10. Qb3 Nd4 11. Qd1 c6 12. e3 Nb5 13. e4 Nb4 14. Be3 Nd4
15. Bxd4 exd4 16. a3 Na6 17. b4 O-O 18. Qb3 Qf6 19. Nd2 Kh8 20. Nc4 e5 21.
Na5 Qe7 22. Nc4 Rf6 23. Nxd6 Qxd6 24. Rac1 Raf8 25. b5 Nc5 26. Qc4 Nd7 27.
bxc6 Qxc6 28. Qb4 Qb6 29. Qa4 Nc5 30. Qc4 Rc6 31. Qd5 Nxd3 32. Rcd1 Nxf2 33.
Rb1 Qc5 34. Qxc5 Rxc5 35. Rxf2 Rxf2 36. Kxf2 Rc2+ 37. Kg1 d3 38. Bf1 d2 39.
Rd1 Rc1 40. Be2 Rxd1+ 41. Bxd1 b6 42. Kf2 a5 43. Ke2 Kg8 44. Kxd2 Kf7 45.
Kd3 Ke6 46. Kc4 Kd6 47. a4 Kc6 48. Bg4 g5 49. Bf5 Kd6 50. Bg6 Kc6 51. Bf5
Kd6 52. g4 Ke7 53. h3 Kf6 54. Kb5 h5 {White forfeits on time} 0-1

[Event "ICCopen2017"]
[Site "Internet Chess Club"]
[Date "2017.03.19"]
[Round "8"]
[White "RockyTop"]
[Black "fletcherdavid"]
[Result "0-1"]
[ICCResult "White forfeits on time"]
[WhiteElo "1572"]
[BlackElo "1802"]
[Opening "Caro-Kann: Panov-Botvinnik attack"]
[ECO "B13"]
[NIC "CK.02"]
[Time "20:39:02"]
[TimeControl "180+0"]

1. e4 c6 2. d4 d5 3. exd5 cxd5 4. c4 e6 5. Nf3 Nf6 6. Nc3 Bb4 7. Qa4+ Nc6 8.
a3 Bxc3+ 9. bxc3 Ne4 10. Bd2 O-O 11. cxd5 exd5 12. Bd3 Nxd2 13. Kxd2 Bg4 14.
Rae1 Bxf3 15. gxf3 Re8 16. Rxe8+ Qxe8 17. Rg1 g6 18. Qb5 Qd7 19. f4 a6 20.
Qb1 Kh8 21. f5 Re8 22. fxg6 fxg6 23. Bxg6 Rg8 24. Bf5 Rxg1 25. Qxg1 Qxf5 26.
Qg3 h5 27. Qe3 Kh7 28. Qe8 Qxf2+ 29. Kc1 Qf4+ 30. Kd1 Qg4+ 31. Kc1 Kh6 32.
Qf8+ Kg5 33. Qg8+ Kh4 {White forfeits on time} 0-1

[Event "ICCopen2017"]
[Site "Internet Chess Club"]
[Date "2017.03.19"]
[Round "8"]
[White "Speirs"]
[Black "ajam"]
[Result "1-0"]
[ICCResult "Black forfeits on time"]
[WhiteElo "1753"]
[BlackElo "1885"]
[Opening "Budapest: Rubinstein variation"]
[ECO "A52"]
[NIC "QG.01"]
[Time "20:38:18"]
[TimeControl "180+0"]

1. d4 Nf6 2. c4 e5 3. dxe5 Ng4 4. Bf4 Nc6 5. Nf3 Bb4+ 6. Nbd2 Qe7 7. e3
Ncxe5 8. Be2 O-O 9. O-O Bd6 10. Re1 Nxf3+ 11. Bxf3 Ne5 12. Be2 Ng6 13. Bxd6
Qxd6 14. Qc2 c6 15. Rad1 Qe5 16. Nf3 Qf6 17. c5 b6 18. Rd6 Qe7 19. b4 a5 20.
a3 axb4 21. axb4 bxc5 22. bxc5 Ra5 23. Red1 Ra7 24. Qc3 h6 25. h3 Nh4 26.
Nd4 Qg5 27. Bf1 Ra4 28. f4 Qg3 29. Qe1 Qxe1 30. Rxe1 Re8 31. g3 Rxd4 32.
Rxd4 Nf3+ 33. Kf2 Nxe1 34. Kxe1 Rxe3+ 35. Kf2 Rc3 36. Bd3 Rxc5 37. Re4 Kf8
38. Ra4 Bb7 39. Ra7 Rc3 40. Be2 Rb3 41. Bc4 Rb4 42. Be2 d5 43. f5 d4 44. Ke1
c5 45. Kd2 Bd5 46. Bh5 c4 47. Rd7 Rb2+ 48. Kc1 Rb5 49. f6 gxf6 50. Bg4 Be6
51. Rxd4 c3 52. Kc2 Rc5 53. Rd8+ Ke7 54. Ra8 Bd5 55. Ra7+ Kd6 56. Ra3 Be4+
57. Kc1 c2 58. Be2 Rd5 59. Rc3 Rc5 60. Rxc5 Kxc5 61. g4 {Black forfeits on
time} 1-0

[Event "ICCopen2017"]
[Site "Internet Chess Club"]
[Date "2017.03.19"]
[Round "8"]
[White "guruduff"]
[Black "turolo"]
[Result "0-1"]
[ICCResult "White forfeits on time"]
[WhiteElo "1706"]
[BlackElo "1874"]
[Opening "Old Indian: Ukrainian variation"]
[ECO "A53"]
[NIC "OI.04"]
[Time "20:38:14"]
[TimeControl "180+0"]

1. d4 d6 2. c4 Nf6 3. Nc3 e5 4. e3 Nbd7 5. Nf3 Be7 6. Be2 c6 7. O-O Qc7 8.
a3 Nf8 9. b4 Ng6 10. Bb2 h5 11. Rc1 h4 12. dxe5 dxe5 13. Ng5 h3 14. g3 Bf5
15. e4 Bd7 16. c5 Rd8 17. Bc4 O-O 18. Qb3 Nh8 19. Rcd1 Ng4 20. Nf3 Ng6 21.
Ne2 Nf6 22. Qc2 Bg4 23. Ne1 Rxd1 24. Qxd1 Nxe4 25. Qd3 Nf6 26. Nc1 e4 27.
Qe3 Bf5 28. Nc2 Nd5 29. Bxd5 cxd5 30. Ne2 Be6 31. Ncd4 Bf6 32. f3 Bxd4 33.
Nxd4 exf3 34. Rxf3 Bg4 35. Rf4 Bd7 36. Rf1 Bc6 37. Nxc6 bxc6 38. Qd4 f6
{White forfeits on time}
0-1

[Event "ICCopen2017"]
[Site "Internet Chess Club"]
[Date "2017.03.19"]
[Round "8"]
[White "GreyWarden"]
[Black "RobbieWilliams"]
[Result "0-1"]
[ICCResult "White resigns"]
[WhiteElo "1981"]
[BlackElo "1865"]
[Opening "Alekhine's defense: two pawns' (Lasker's) attack"]
[ECO "B02"]
[NIC "AL.10"]
[Time "20:39:10"]
[TimeControl "180+0"]

1. e4 Nf6 2. e5 Nd5 3. c4 Nb6 4. c5 Nd5 5. Bc4 e6 6. Nc3 Nxc3 7. bxc3 b6 8.
cxb6 axb6 9. d4 Bb7 10. Nf3 d6 11. Bf4 Be7 12. O-O O-O 13. Qe2 Nc6 14. exd6
Bxd6 15. Bg3 Na5 16. Bd3 c5 17. Rab1 Qc7 18. Ne5 Rad8 19. Be4 Rfe8 20. Bxb7
Nxb7 21. Rfd1 Re7 22. Nc4 Bxg3 23. hxg3 cxd4 24. cxd4 Nd6 25. Nxb6 Nf5 26.
Qe5 Qc2 27. g4 Nh4 28. d5 h6 29. d6 Rb7 30. a4 Qc6 31. Qg3 Rxb6 32. Rxb6
Qxb6 33. Qxh4 Rxd6 34. Rxd6 Qxd6 35. a5 Qd1+ 36. Kh2 Qa1 37. Qd8+ Kh7 38.
Qc7 Kg6 39. Qc5 Qa4 40. Qc2+ Qxc2 41. Kg3 Qa2 {White resigns} 0-1

[Event "ICCopen2017"]
[Site "Internet Chess Club"]
[Date "2017.03.19"]
[Round "8"]
[White "KRASAVCHIK"]
[Black "Red-white"]
[Result "1-0"]
[ICCResult "Black resigns"]
[WhiteElo "3320"]
[BlackElo "3032"]
[Opening "Vienna: Paulsen variation"]
[ECO "C25"]
[NIC "VG.04"]
[Time "20:38:51"]
[TimeControl "180+0"]

1. e4 e5 2. Nc3 Nc6 3. g3 Bc5 4. Bg2 d6 5. Nge2 h5 6. h3 Nge7 7. Na4 h4 8.
g4 g5 9. d4 Bxd4 10. Bxg5 Be6 11. c3 Bb6 12. Nxb6 axb6 13. O-O Qd7 14. f4
exf4 15. Nxf4 O-O-O 16. Nd5 Bxd5 17. exd5 Ne5 18. a4 Kb8 19. a5 Rhg8 20. Be3
f5 21. axb6 cxb6 22. Bxb6 Qb5 23. Bxd8 Rxd8 24. gxf5 Rg8 25. Qd2 Nc4 26. Qf2
Nxd5 27. f6 Nxf6 28. Qxf6 Qc5+ 29. Qf2 Ne3 30. Kh1 Rxg2 31. Qf8+ Kc7 32.
Rf7+ Kb6 33. Qd8+ Kb5 34. Ra5+ {Black resigns} 1-0

[Event "ICCopen2017"]
[Site "Internet Chess Club"]
[Date "2017.03.19"]
[Round "8"]
[White "ivancele"]
[Black "Chamanx"]
[Result "0-1"]
[ICCResult "White forfeits on time"]
[WhiteElo "1455"]
[BlackElo "1310"]
[Opening "Grünfeld defense"]
[ECO "D80"]
[NIC "GI.03"]
[Time "20:38:50"]
[TimeControl "180+0"]

1. d4 Nf6 2. c4 g6 3. Nc3 d5 4. e3 Bg7 5. g3 O-O 6. Bg2 c6 7. b3 dxc4 8.
bxc4 Nbd7 9. Bb2 e5 10. Nge2 exd4 11. Nxd4 c5 12. Nb3 Rb8 13. O-O b6 14. Qc2
Bb7 15. Rad1 Bxg2 16. Kxg2 Qc8 17. Nd5 Nxd5 18. Bxg7 Kxg7 19. Rxd5 Qb7 20.
Kg1 Nf6 21. Rd3 Qf3 22. Qd1 Qf5 23. Rd6 Ng4 24. Rd5 Qe6 25. Qf3 Nf6 26. Rd2
Qh3 27. Rfd1 Ng4 28. Qg2 Qh5 29. Rd5 f5 30. h3 Nf6 31. Rd6 Ne4 32. Rd7+ Kg8
33. Rxa7 Rbd8 34. Rdd7 Rxd7 35. Rxd7 Ra8 36. Nc1 Ra3 37. Rd3 Rxd3 38. Nxd3
Qd1+ 39. Qf1 Qxf1+ 40. Kxf1 Nd2+ 41. Ke2 Nxc4 42. Nf4 Kf7 43. Nd5 Ke6 44.
Nxb6 Nxb6 45. f3 Kd5 46. e4+ fxe4 47. fxe4+ Kxe4 48. Kd2 Kd4
{White forfeits on time}
0-1

[Event "ICCopen2017"]
[Site "Internet Chess Club"]
[Date "2017.03.19"]
[Round "8"]
[White "orac"]
[Black "Burning-Bush"]
[Result "0-1"]
[ICCResult "White forfeits on time"]
[WhiteElo "1587"]
[BlackElo "1894"]
[Opening "Sicilian: Grand Prix attack"]
[ECO "B21"]
[NIC "SI.48"]
[Time "20:38:42"]
[TimeControl "180+0"]

1. e4 c5 2. f4 a6 3. Nf3 Nc6 4. d3 g6 5. Nc3 Bg7 6. Bd2 d6 7. g3 b5 8. Bg2
Rb8 9. Qe2 Bd7 10. O-O Qc8 11. Rfe1 Bg4 12. Qf2 Nd4 13. Be3 Nxf3+ 14. Bxf3
Nh6 15. Rab1 Bh3 16. Bg2 Ng4 17. Qf3 Nxe3 18. Bxh3 Qxh3 19. Rxe3 Bd4 20. Ne2
Bxe3+ 21. Qxe3 h5 22. e5 O-O 23. c3 h4 24. d4 cxd4 25. cxd4 d5 26. Nc3 e6
27. Ne2 Rfc8 28. Qd2 Rc4 29. b3 Rc6 30. Rc1 Rbc8 31. Rxc6 Rxc6 32. a3 hxg3
33. Nxg3 Qg4 34. Kg2 Qh4 35. a4 Qd8 36. axb5 axb5 37. Qd3 Qb6 38. Ne2 b4 39.
h4 Qd8 40. Kg3 Qc7 41. Kg4 Kg7 42. h5 gxh5+ 43. Kxh5 Qd8 44. Kg4 f5+ 45. Kf3
Qh4 46. Qe3 Qh3+ 47. Kf2 Qxe3+ 48. Kxe3 Rc2 49. Kd3 Rb2 50. Nc1 Kg6 51. Ke3
Kh5 52. Kd3 Kg4 53. Ne2 Rxb3+ {White forfeits on time} 0-1

[Event "ICCopen2017"]
[Site "Internet Chess Club"]
[Date "2017.03.19"]
[Round "8"]
[White "Trinity8"]
[Black "bugsino"]
[Result "1-0"]
[ICCResult "Black forfeits on time"]
[WhiteElo "1502"]
[BlackElo "1686"]
[Opening "Sicilian: Nimzovich-Rossolimo attack (with ...g6, without ...d6)"]
[ECO "B31"]
[NIC "SI.31"]
[Time "20:38:52"]
[TimeControl "180+0"]

1. e4 c5 2. Nf3 Nc6 3. Bb5 g6 4. Bxc6 bxc6 5. O-O Bg7 6. e5 f6 7. e6 dxe6 8.
d3 e5 9. Be3 Qd6 10. Nfd2 Nh6 11. Nc4 Qc7 12. Bxc5 Be6 13. Nbd2 O-O 14. Qe2
Nf7 15. f4 Bxc4 16. Nxc4 exf4 17. Qxe7 Qxe7 18. Bxe7 Rfe8 19. Rae1 Ne5 20.
Bc5 g5 21. Nd6 Red8 22. d4 Nd7 23. Ba3 Bf8 24. Nf5 Bxa3 25. bxa3 Re8 26. Nd6
Rxe1 27. Rxe1 Nb6 28. Re7 Nd5 29. Rb7 Ne3 30. c4 f5 31. Kf2 g4 32. c5 h6 33.
Ke2 h5 34. Kf2 h4 35. a4 g3+ 36. hxg3 hxg3+ 37. Kf3 Nd5 38. Nxf5 Nc3 39. a5
Nxa2 40. a6 Nc3 41. Ne7+ Kf8 42. Nxc6 Nd5 43. Ke4 Nf6+ 44. Kxf4 Nd5+ 45.
Kxg3 Kg8 46. Kg4 Kh8 47. Kg5 Rg8+ 48. Kh6 Rxg2 49. Rb8+ Rg8 50. Rxg8+ Kxg8
51. Nxa7 Kf7 52. Nb5 Ke6 53. a7 Nc7 54. Nxc7+ Kd7 55. a8=Q
{Black forfeits on time}
1-0

[Event "ICCopen2017"]
[Site "Internet Chess Club"]
[Date "2017.03.19"]
[Round "8"]
[White "Falstaf"]
[Black "Spirals"]
[Result "1-0"]
[ICCResult "Black checkmated"]
[WhiteElo "2939"]
[BlackElo "2159"]
[Opening "Sicilian: closed"]
[ECO "B23"]
[NIC "SI.44"]
[Time "20:38:59"]
[TimeControl "180+0"]

1. e4 c5 2. Nc3 d6 3. g3 Nf6 4. Bg2 g6 5. d3 Bg7 6. Nge2 Nc6 7. h3 O-O 8.
O-O e6 9. Be3 Rb8 10. f4 Bd7 11. Qd2 b6 12. a3 a6 13. g4 Re8 14. Ng3 d5 15.
Bf2 dxe4 16. dxe4 Nd4 17. e5 Nd5 18. Nxd5 exd5 19. Bxd4 cxd4 20. g5 Bf8 21.
Kh2 Be6 22. Ne2 Rc8 23. Nxd4 Qc7 24. c3 Red8 25. Rae1 Bc5 26. Rd1 Bxd4 27.
Qxd4 b5 28. Qf2 a5 29. Rd4 Qc5 30. Qd2 Rb8 31. Rd1 b4 32. axb4 axb4 33. cxb4
Qb6 34. Kg3 Rdc8 35. Bxd5 Bxd5 36. Rxd5 Qxb4 37. Rd8+ Rxd8 38. Qxb4 Rxb4 39.
Rxd8+ Kg7 40. Rd2 Rb3+ 41. Kg4 h5+ 42. gxh6+ Kxh6 43. h4 Rb4 44. Rd7 Rxb2
45. Rxf7 Rg2+ 46. Kf3 Rh2 47. Kg3 Rh1 48. e6 Re1 49. e7 Re3+ 50. Kf2 Re6 51.
Kf3 Re1 52. h5 gxh5 53. f5 h4 54. f6 Kg6 55. Rf8 h3 56. Kg3 Re3+ 57. Kh2
Re2+ 58. Kxh3 Re3+ 59. Kh2 Re2+ 60. Kg3 Re3+ 61. Kf4 Re6 62. e8=Q+ Rxe8 63.
Rxe8 Kxf6 64. Re5 Kg6 65. Rf5 Kg7 66. Kg5 Kg8 67. Kg6 Kh8 68. Rf8#
{Black checkmated}
1-0

[Event "ICCopen2017"]
[Site "Internet Chess Club"]
[Date "2017.03.19"]
[Round "8"]
[White "Mamba"]
[Black "kathmales"]
[Result "1/2-1/2"]
[ICCResult "White ran out of time and Black has no material to mate"]
[WhiteElo "2596"]
[BlackElo "2280"]
[Opening "French: Albin-Alekhine-Châtard attack, Breyer variation"]
[ECO "C13"]
[NIC "FR.06"]
[Time "20:38:51"]
[TimeControl "180+0"]

1. d4 Nf6 2. Nc3 d5 3. Bg5 e6 4. e4 Be7 5. e5 Nfd7 6. h4 c5 7. Nb5 O-O 8.
Bxe7 Qxe7 9. Nc7 Nb6 10. Nxa8 Nxa8 11. c3 Nc6 12. Nf3 cxd4 13. cxd4 f6 14.
exf6 Qxf6 15. Be2 Nc7 16. Rc1 Ne8 17. Bb5 Ne7 18. Qe2 Nd6 19. Bd3 Nef5 20.
Qe5 Qd8 21. O-O Nf7 22. Qc7 Qf6 23. Bxf5 exf5 24. Rfe1 h6 25. Re7 Nd6 26. h5
f4 27. Rxg7+ Qxg7 28. Qxd6 Bg4 29. Ne5 Bxh5 30. Rc7 Qf6 31. Qxd5+ Kh8 32.
Nd7 Qf5 33. Qe5+ Qxe5 34. dxe5 Rf7 35. Rxb7 Kg7 36. Nc5 Bg4 37. Rxf7+ Kxf7
38. f3 Bf5 39. Kf2 Ke7 40. g4 Bb1 41. a3 a5 42. Ke2 Ba2 43. b4 axb4 44. axb4
Bd5 45. Nd3 Bc4 46. Kd2 Ke6 47. Nxf4+ Kxe5 48. Ke3 Bb5 49. g5 hxg5 50. Nh3
Kf5 51. Nxg5 Kxg5 52. Kd4 Kf4 53. Kc5 Be2 54. Kd4 Bf1 55. b5 Bxb5 56. Kc5
Be8 57. Kd6 Bf7 {White ran out of time and Black has no material to mate}
1/2-1/2

[Event "ICCopen2017"]
[Site "Internet Chess Club"]
[Date "2017.03.19"]
[Round "8"]
[White "MDRAFE3"]
[Black "marabu"]
[Result "1-0"]
[ICCResult "Black forfeits on time"]
[WhiteElo "1932"]
[BlackElo "2101"]
[Opening "Queen's pawn"]
[ECO "A40"]
[NIC "QO.17"]
[Time "20:38:47"]
[TimeControl "180+0"]

1. d4 e6 2. Nf3 f5 3. d5 Nf6 4. dxe6 d5 5. Nd4 g6 6. Bf4 c5 7. Nb5 Na6 8. e3
Bxe6 9. Be2 Be7 10. O-O O-O 11. Nd2 Ne4 12. Nxe4 fxe4 13. c4 d4 14. Bh6 d3
15. Bg4 Bxc4 16. Bxf8 Qxf8 17. Nc3 h5 18. Bh3 d2 19. Nxe4 Bxf1 20. Qxf1 Rd8
21. Rd1 Qf7 22. b3 Qd5 23. Qc4 Qxc4 24. bxc4 Nb4 25. a3 Nc6 26. Rxd2 Rxd2
27. Nxd2 Kf7 28. Kf1 Nd8 29. Bd7 Bf8 30. Ke2 Ke7 31. Bc8 Kd6 32. Ne4+ Kc7
33. Bh3 Be7 34. Kd3 Nc6 35. f4 a6 36. Nc3 Bf8 37. Be6 Kd6 38. Bd5 Nd8 39. e4
Kc7 40. e5 Be7 41. a4 b6 42. Ne4 Nc6 43. Bxc6 Kxc6 44. Nc3 Bd8 45. Ke4 Be7
46. g3 Bd8 47. h3 Be7 48. g4 hxg4 49. hxg4 Bd8 50. f5 gxf5+ 51. gxf5 Kd7 52.
Kd5 Bh4 53. f6 Ke8 54. e6 Bxf6 55. Ne4 Be7 56. Nd6+ Kd8 57. Kc6 Bxd6 58.
Kxd6 Ke8 59. Kc6 Ke7 60. Kxb6 Kxe6 61. Kxc5 Kd7 62. Kb6 Kd6 63. c5+ Kd7 64.
Kb7 Ke6 65. c6 Kd5 66. c7 Kc5 67. c8=Q+ Kb4 68. Kxa6 Kxa4 69. Qb7
{Black forfeits on time}
1-0

[Event "ICCopen2017"]
[Site "Internet Chess Club"]
[Date "2017.03.19"]
[Round "8"]
[White "Jude"]
[Black "shirovinster"]
[Result "1/2-1/2"]
[ICCResult "White ran out of time and Black has no material to mate"]
[WhiteElo "1932"]
[BlackElo "1726"]
[Opening "Sicilian: Najdorf, 7...Be7"]
[ECO "B98"]
[NIC "SI.09"]
[Time "20:38:43"]
[TimeControl "180+0"]

1. e4 c5 2. Nf3 d6 3. d4 cxd4 4. Nxd4 Nf6 5. Nc3 a6 6. Bg5 e6 7. f4 Be7 8.
Qf3 h6 9. Bxf6 Bxf6 10. O-O-O Qc7 11. Be2 Nd7 12. Qg3 b5 13. Bf3 Bb7 14.
Rhe1 O-O-O 15. Ndxb5 axb5 16. Nxb5 Qb6 17. Nxd6+ Kb8 18. e5 Bxf3 19. Qxf3
Be7 20. Nxf7 Nc5 21. Nxh8 Rxh8 22. Re3 Rc8 23. Ra3 Qb7 24. Qxb7+ Kxb7 25. b4
Ne4 26. Rd7+ Rc7 27. Rxc7+ Kxc7 28. Ra7+ Kd8 29. b5 g5 30. g3 gxf4 31. gxf4
Bc5 32. Rf7 Nc3 33. Rf6 Ke7 34. Rxh6 Nxb5 35. Rh7+ Ke8 36. Kb2 Bd4+ 37. Kb3
Be3 38. f5 exf5 39. Kc4 Nd4 40. Kd3 f4 41. c3 Ne6 42. a4 Nc5+ 43. Ke2 Nxa4
44. Rb7 Nc5 45. Rg7 Ne6 46. Rg4 Nc5 47. Kf3 Ke7 48. Rxf4 Bxf4 49. Kxf4 Ke6
50. Ke3 Kxe5 51. Kd2 Ke4 52. h4 Kf4 53. h5 Kf5 54. h6 Kg6 55. h7 Kxh7 56.
Ke3 Kg7 57. Kd4 Nd7 58. Kd5 Kf7 59. Kc6 Ke8 60. Kd6 Kd8 61. Kc6 Kc8 62. Kd6
Nb8 63. Kc5 Na6+ 64. Kd5 Nc7+ 65. Kc4 Ne6 66. Kd5 Nd8 67. Kd6 Nb7+
{White ran out of time and Black has no material to mate}
1/2-1/2

[Event "ICCopen2017"]
[Site "Internet Chess Club"]
[Date "2017.03.19"]
[Round "8"]
[White "manusupergm2001"]
[Black "fishbein"]
[Result "1-0"]
[ICCResult "Black checkmated"]
[WhiteElo "2166"]
[BlackElo "2608"]
[Opening "Van't Kruijs opening"]
[ECO "A00"]
[Time "20:38:37"]
[TimeControl "180+0"]

1. e3 e5 2. d4 exd4 3. exd4 d5 4. Nf3 Bd6 5. Bd3 Nf6 6. O-O O-O 7. h3 c5 8.
c3 Nc6 9. Bg5 h6 10. Be3 c4 11. Bc2 Be6 12. Qc1 Ne4 13. Nbd2 Bf5 14. Nxe4
Bxe4 15. Bxe4 dxe4 16. Nd2 f5 17. Nxc4 f4 18. Bd2 Bc7 19. Qc2 Qd5 20. Na3
Kh8 21. Rae1 Rae8 22. Qb3 Qd7 23. Nb5 Bb8 24. Qc2 Qf5 25. Na3 Rf6 26. f3 Rg6
27. Rxe4 Rf8 28. Re8 Rxg2+ 29. Kxg2 Qg5+ 30. Kh1 Rxe8 31. Rg1 Qh4 32. Qf5
Qe7 33. Re1 Qd8 34. Qb1 Rxe1+ 35. Qxe1 Kh7 36. Nc4 Qg5 37. Qe4+ Qg6 38.
Qxg6+ Kxg6 39. d5 Ne7 40. d6 Nc6 41. Bxf4 b5 42. Ne5+ Nxe5 43. Bxe5 Kf5 44.
d7 Bxe5 45. d8=Q Kf4 46. Qe7 Bf6 47. Qxa7 Kxf3 48. Qc5 Kg3 49. Qxb5 Kxh3 50.
Qf5+ Kg3 51. a4 Bg5 52. a5 Bf4 53. a6 g5 54. a7 g4 55. a8=Q h5 56. Qae4 Kh4
57. Qexf4 Kh3 58. Qxh5# {Black checkmated} 1-0

[Event "ICCopen2017"]
[Site "Internet Chess Club"]
[Date "2017.03.19"]
[Round "8"]
[White "whiteshark"]
[Black "shredded"]
[Result "1-0"]
[ICCResult "Black forfeits on time"]
[WhiteElo "2522"]
[BlackElo "2737"]
[Opening "Sicilian: Taimanov variation"]
[ECO "B48"]
[NIC "SI.40"]
[Time "20:38:51"]
[TimeControl "180+0"]

1. e4 c5 2. Nf3 e6 3. d4 cxd4 4. Nxd4 Nc6 5. Nc3 Qc7 6. Be3 a6 7. Qf3 Bd6 8.
O-O-O Be5 9. g4 Nge7 10. g5 b5 11. h4 Bb7 12. h5 Rc8 13. a3 Nxd4 14. Bxd4
Bxd4 15. Rxd4 Qe5 16. Qe3 Nf5 17. exf5 Qxe3+ 18. fxe3 Bxh1 19. fxe6 fxe6 20.
e4 Bf3 21. h6 gxh6 22. gxh6 Ke7 23. Bd3 Rc5 24. a4 bxa4 25. Rxa4 a5 26. Nb5
Ra8 27. b4 Re5 28. bxa5 Kd8 29. a6 Rc5 30. a7 Kc8 31. Kd2 Kb7 32. Ke3 Bh5
33. Kd4 Rc6 34. Ke5 Bg6 35. Nd6+ Kb6 36. Ra6+ Kc7 37. Nb5+ Kb7 38. Nd6+ Kc7
39. Nb5+ Kb7 40. Ra3 Kb6 41. c4 Rc5+ 42. Kd6 Rc6+ 43. Kxd7 e5 44. Rb3 Be8+
45. Ke7 Kc5 46. Ra3 Bg6 47. Ra5 Re8+ 48. Kd7 Kb6 49. a8=Q Rxa8 50. Rxa8
{Black forfeits on time}
1-0

[Event "ICCopen2017"]
[Site "Internet Chess Club"]
[Date "2017.03.19"]
[Round "8"]
[White "Westman"]
[Black "icewoman"]
[Result "1-0"]
[ICCResult "Black forfeits on time"]
[WhiteElo "1354"]
[BlackElo "1075"]
[Opening "Pirc defense"]
[ECO "B07"]
[NIC "PU.08"]
[Time "20:39:05"]
[TimeControl "180+0"]

1. e4 d6 2. d4 Nf6 3. Nc3 Nbd7 4. f4 e5 5. Nf3 Be7 6. fxe5 dxe5 7. dxe5 Ng4
8. e6 Nf8 9. Qxd8+ Bxd8 10. exf7+ Kxf7 11. Bc4+ Ke8 12. O-O Ne3 13. Bxe3 Ng6
14. Ng5 h6 15. Bf7+ Ke7 16. Bxg6 hxg5 17. Bxg5+ Kd7 18. Rad1+ Kc6 19. Rxd8
Rxd8 20. Bxd8 Be6 21. Bg5 Rc8 22. Nd5 b6 23. c4 a5 24. b3 Kc5 25. Be3+ Kc6
26. Ne7+ Kd6 27. Nxc8+ Kc6 28. Ne7+ Kd6 29. Nd5 Ke5 30. Bf7 Kxe4 31. Bxe6
Ke5 32. Bc8 Ke4 33. Bf2 Kd3 34. Nxc7 Kc3 35. Ra1 Kb2 36. Bd4+ Kc2 37. Bf5+
Kd2 38. Bxg7 Ke2 39. Bh6 {Black forfeits on time} 1-0

[Event "ICCopen2017"]
[Site "Internet Chess Club"]
[Date "2017.03.19"]
[Round "8"]
[White "SizzlemanBenoni"]
[Black "TheSid"]
[Result "0-1"]
[ICCResult "White resigns"]
[WhiteElo "1275"]
[BlackElo "1507"]
[Opening "Pirc defense"]
[ECO "B07"]
[NIC "PU.08"]
[Time "20:38:54"]
[TimeControl "180+0"]

1. e4 d6 2. d4 Nf6 3. Bd3 e5 4. dxe5 dxe5 5. Nf3 Nc6 6. Bg5 Bc5 7. O-O O-O
8. Nc3 h6 9. Bxf6 Qxf6 10. Nd5 Qd8 11. Bb5 Nd4 12. Nxd4 Bxd4 13. c3 Bc5 14.
Bc4 c6 15. Ne3 Qb6 16. Qd2 Rd8 17. Qe2 Bd7 18. b4 Be7 19. a4 Be8 20. a5 Qc7
21. Nf5 Bf6 22. Rfd1 Rxd1+ 23. Rxd1 Rd8 24. h3 Rxd1+ 25. Qxd1 Qd8 26. Qxd8
Bxd8 27. Kf1 Bd7 28. Ne3 Bg5 29. Ke2 b6 30. g3 Bd8 31. h4 bxa5 32. bxa5 Bxa5
33. Kd3 Bb6 34. Bb3 a5 35. Nc4 Bc7 36. Ba2 Be6 37. Kc2 Kf8 38. Kb2 Ke7 39.
Ne3 f6 40. Ka3 Bd6+ 41. Ka4 Bxa2 42. Kxa5 Bc5 43. Ka4 Bxe3 44. fxe3 Bb1 45.
Kb4 Bxe4 46. Kc5 Kd7 47. Kb6 Kd6 48. c4 c5 49. Kb5 f5 50. Kb6 g6 51. Kb5 g5
52. hxg5 hxg5 53. Ka4 f4 54. Kb3 fxg3 {White resigns} 0-1

[Event "ICCopen2017"]
[Site "Internet Chess Club"]
[Date "2017.03.19"]
[Round "8"]
[White "rencoroso"]
[Black "leonardoalmeida"]
[Result "0-1"]
[ICCResult "White forfeits on time"]
[WhiteElo "2079"]
[BlackElo "1859"]
[Opening "Scandinavian (center counter) defense"]
[ECO "B01"]
[NIC "SD.01"]
[Time "20:39:01"]
[TimeControl "180+0"]

1. e4 d5 2. exd5 Qxd5 3. Nc3 Qa5 4. d4 c6 5. Bc4 Bf5 6. Nf3 e6 7. O-O Nf6 8.
Bd2 Qc7 9. Re1 Nbd7 10. Bg5 Be7 11. h3 O-O 12. Bd3 Bxd3 13. Qxd3 Rad8 14.
Rad1 h6 15. Bh4 Rfe8 16. Ne4 Nxe4 17. Qxe4 Bxh4 18. Qxh4 Nf6 19. c3 Rd5 20.
Re5 Red8 21. Rde1 c5 22. dxc5 Qxc5 23. g4 Rxe5 24. Rxe5 Rd1+ 25. Kg2 Qc6 26.
g5 hxg5 27. Qxg5 Ne4 28. Qh5 Nd2 29. Rc5 Qxf3+ 30. Qxf3 Nxf3 31. Kxf3 Rd2
32. Rb5 b6 33. a4 g6 34. a5 bxa5 35. Ke3 Rc2 36. Rxa5 Rxb2 37. Rxa7 Kg7 38.
Ra3 Kf6 39. c4 Rc2 40. Kd3 Rxf2 41. Kd4 Rf4+ 42. Kc5 g5 43. Kb5 Rf1 44. c5
Rc1 45. Ra4 Rb1+ 46. Ka6 Rb8 47. c6 Kf5 48. c7 Rc8 49. Kb7 Rxc7+ 50. Kxc7 f6
51. Kd6 e5 {White forfeits on time} 0-1